 Dungeon Crawl Stone Soup version 0.30.1-4-g462c640d31 (webtiles) character file.

Game seed: 4255307885488659786

1227 Peloso the Covered (level 8, -2/70 HPs)
             Began as an Armataur Fighter on Sept 7, 2023.
             Slain by a vampire (9 damage)
             ... on level 6 of the Dungeon.
             The game lasted 00:07:21 (4726 turns).

Peloso the Covered (Armataur Fighter)               Turns: 4726, Time: 00:07:22

Health: -2/70      AC: 13    Str: 22    XL:     8   Next: 23%
Magic:  8/8        EV:  6    Int:  9    God:
Gold:   262        SH:  7    Dex: 11    Spells: 7/7 levels left

rFire   . . .        b - +7 broad axe "Arcanum" {freeze, rElec Stlth+}
rCold   . . .        d - +2 buckler
rNeg    . . .        c - +0 chain mail
rPois   .            s - +1 hat
rElec   +            y - +2 cloak
rCorr   .            (no gloves)
SInv    .            (no barding)
Will    .....        (no amulet) Stlth
                     (no ring)
HPRegen 0.31/turn    (no ring)
MPRegen 0.11/turn

%: roll
@: studying Polearms
A: large, rugged brown scales 3, deformed body, armoured tail, roll, long
tongue, awkward tongue
a: no special abilities


You were on level 6 of the Dungeon.
You visited 1 branch of the dungeon, and saw 6 of its levels.

You collected 262 gold pieces.

Inventory:

Hand Weapons
 a - a +0 long sword
 b - the +7 broad axe "Arcanum" (weapon) {freeze, rElec Stlth+}
   (You found it on level 4 of the Dungeon)

   rElec:     It insulates you from electricity.
   Stlth:     It makes you more stealthy.
Armour
 c - a +0 chain mail (worn)
 d - a +2 buckler (worn)
 i - a +0 helmet
 s - a +1 hat (worn)
 y - a +2 cloak (worn)
Jewellery
 l - a ring of positive energy
Wands
 j - a wand of iceblast (4)
 t - a wand of quicksilver (4)
Scrolls
 k - 4 scrolls of summoning {unknown}
 m - a scroll of noise
 n - a scroll of fear {unknown}
 o - a scroll of amnesia {unknown}
 p - a scroll of enchant weapon {unknown}
 q - 2 scrolls of enchant armour {unknown}
 z - a scroll of identify
 A - a scroll of blinking {unknown}
Potions
 e - 3 potions of curing
 f - a potion of berserk rage
 g - a potion of invisibility
 h - 2 potions of heal wounds
 r - 4 potions of might
 u - a potion of degeneration {unknown}
 v - 2 potions of haste {unknown}
 w - a potion of ambrosia {unknown}
 x - 3 potions of lignification {unknown}


   Skills:
 + Level 4.2 Fighting
 + Level 4.0 Long Blades
 + Level 4.4 Axes
 + Level 6.2 Armour
 + Level 1.6 Dodging
 + Level 1.3 Stealth
 + Level 4.6 Shields


You had 7 spell levels left.
You didn't know any spells.
Your spell library contained the following spells:

 Spells                   Type           Power      Damage    Failure   Level
 Sting                    Tmut/Pois      0%         1d3       96%         1
 Ensorcelled Hibernation  Hex/Ice        0%         N/A       99%         2
 Passwall                 Tmut/Erth      0%         N/A       99%         2
 Poisonous Vapours        Pois/Air       0%         N/A       99%         2
 Summon Guardian Golem    Hex/Summ       0%         N/A       100%        3
 Swiftness                Air            0%         N/A       100%        3
 Olgreb's Toxic Radiance  Pois           0%         N/A       100%        4
 Orb of Destruction       Conj           0%         9d5       100%        7
 Spellforged Servitor     Conj/Summ      0%         N/A       100%        7


Dungeon Overview and Level Annotations

Branches:
Dungeon (6/15)
 Temple: D:4-7

Altars:
Gozag


Innate Abilities, Weirdness & Mutations

You are completely covered in rugged brown scales. (AC +3, +7% HP)
Armour fits poorly on your strangely shaped body.
You have a long armoured tail.
You roll when moving toward enemies. (Rampage)
Your long tongue fully drains potion bottles. (2x potion effects)
Your tongue gives you trouble enunciating. (1.5x scroll delay)


Message History

You closely miss the vampire. The vampire hits you!
* * * LOW HITPOINT WARNING * * *
The vampire bites you but does no damage.
You block the vampire's attack. The vampire barely misses you.
You feel much better.
You slurp down every last drop of the potion of heal wounds!
The vampire barely misses you. The vampire closely misses you.
Unknown command.
You slash the vampire!
The vampire is moderately damaged.
The vampire hits you but does no damage.
The vampire bites you!
The vampire draws strength from your injuries!
You closely miss the vampire. The vampire hits you.
The vampire bites you but does no damage.
You hit the vampire.
The vampire is lightly damaged.
The vampire barely misses you.
The vampire bites you but does no damage.
You block the vampire's attack. The vampire barely misses you.
You barely miss the vampire.
Your tail-slap misses the vampire.
The vampire is lightly damaged.
The vampire gestures wildly while chanting.
The vampire flickers and vanishes!
Deactivating autopickup; reactivate with Ctrl-A.
You barely miss something. Something hits you but does no damage.
Something bites you but does no damage. Something hits you but does no damage.
Something bites you but does no damage.
You hit something but do no damage. Something hits you. Something bites you!
Something draws strength from your injuries!
You closely miss something. Something hits you but does no damage.
You block something's attack.
You barely miss something. Something hits you!
* * * LOW HITPOINT WARNING * * *
Something bites you!
* * * LOW HITPOINT WARNING * * *
Something draws strength from your injuries!
Something completely misses you. Something bites you but does no damage.
You hit something but do no damage. Something hits you!
You die...

#..............
#..............
#..............
#......).......
#..............
#$.............
##....<........#
#...............
#...##@..###...#
#..# #{#.# .#.#
#.. #...# ..# #.
.###. # # . .#
.. #. ## #.


There were no monsters in sight!

Vanquished Creatures
  Menkaure (D:5)
  A water moccasin (D:5)
  An ice beast (D:5)
  A centaur (D:5)
  A phantom (D:5)
  Blork the orc (D:4)
  A bullfrog (D:4)
  A gnoll sergeant (D:3)
  2 scorpions (D:4)
  Crazy Yiuf (D:5)
  3 hounds
  Natasha (thrice) (D:2)
  3 iguanas
  2 orc wizards
  4 gnolls
  4 adders
  2 worms
  4 dart slugs
  6 orcs
  6 ball pythons
  3 bats
  10 endoplasms
  4 giant cockroaches
  5 goblins
  7 hobgoblins
  3 quokkas
  5 frilled lizards
  8 kobolds
  7 rats
100 creatures vanquished.

Notes
Turn   | Place    | Note
-------+----------+-------------------------------------------
     0 | D:1      | Peloso the Armataur Fighter began the quest for the Orb.
     0 | D:1      | Reached XP level 1. HP: 19/19 MP: 1/1
   251 | D:1      | Reached XP level 2. HP: 26/26 MP: 2/2
   279 | D:1      | Reached skill level 4 in Armour
   621 | D:1      | Reached XP level 3. HP: 33/33 MP: 3/3
  1046 | D:2      | Found an opulent altar of Gozag.
  1140 | D:2      | Noticed Natasha
  1152 | D:2      | Killed Natasha
  1153 | D:2      | Reached XP level 4. HP: 22/40 MP: 4/4
  1288 | D:2      | Noticed Natasha
  1302 | D:2      | Killed Natasha
  1350 | D:2      | Noticed Natasha
  1419 | D:2      | Killed Natasha
  2114 | D:3      | Reached XP level 5. HP: 46/48 MP: 5/5
  2133 | D:3      | Reached skill level 5 in Armour
  2141 | D:3      | Reached skill level 1 in Dodging
  2733 | D:3      | Reached XP level 6. HP: 38/54 MP: 6/6
  2872 | D:4      | Identified the +7 broad axe "Arcanum" {freeze, rElec
                  | Stlth+}
  3124 | D:4      | Noticed Blork the orc
  3129 | D:4      | Killed Blork the orc
  3271 | D:4      | Reached skill level 1 in Axes
  3271 | D:4      | Reached skill level 1 in Stealth
  3300 | D:4      | Reached XP level 7. HP: 61/62 MP: 7/7
  3658 | D:5      | Entered Level 5 of the Dungeon
  3725 | D:5      | Noticed Menkaure
  3731 | D:5      | Killed Menkaure
  3732 | D:5      | Reached skill level 6 in Armour
  3732 | D:5      | HP: 2/63 [ice beast (7)]
  3991 | D:5      | Reached XP level 8. HP: 66/70 MP: 8/8
  4206 | D:5      | Identified the +1 ring mail of Kingoom {+Inv rC- rN+ Str+6}
  4374 | D:5      | Found a runed translucent door.
  4375 | D:5      | Noticed Crazy Yiuf
  4628 | D:5      | Killed Crazy Yiuf
  4716 | D:6      | HP: 1/70 [vampire (11)]
  4726 | D:6      | Slain by a vampire

Illustrated notes

Levels and vault maps discovered:
D:1:      dpeg_arrival_water_temple_mockup, layout_loops_ring, minmay_vboxes
D:2:      layout_basic, basic_altar, minmay_puff, uniq_natasha
D:3:      layout_basic, chequers_serial_rivers_micro_c
D:4:      layout_loops_ring, minmay_manual_mail, uniq_blork_the_orc
D:5:      layout_gridville, uniq_menkaure, uniq_crazy_yiuf_cottage
D:6:      layout_rooms, serial_shops, nicolae_shop_stone, interstate_on_off,
          minmay_starry_boxes

Skill      XL: |  1  2  3  4  5  6  7  8 |
---------------+-------------------------+-----
Fighting       | 3 4 |  4.2
Long Blades    | 2 3 4 |  4.0
Armour         | 4 5 6 |  6.2
Dodging        | 1 |  1.6
Shields        | 4 |  4.6
Axes           | 1 3 4 |  4.4
Stealth        | 1 |  1.3

Action                     |  1- 3 |  4- 6 |  7- 9 || total
---------------------------+-------+-------+-------++-------
  Melee: Long sword        |   120 |   119 |       ||   239
         Tailslap          |    11 |    15 |     5 ||    31
         Broad axe         |       |    30 |    68 ||    98
    Use: Scroll            |       |     3 |     2 ||     5
         Potion            |       |       |     3 ||     3
 Armour: Scale mail        |    57 |    78 |       ||   135
         Chain mail        |       |    44 |    39 ||    83
  Dodge: Dodged            |    41 |    71 |    23 ||   135
  Block: Buckler           |    31 |    43 |    24 ||    98
